 Dungeon Crawl Stone Soup version 0.22-a0-422-g9628fc8 (webtiles) character file.

124 4thArraOfDagon the Skirmisher (level 4, 0/42 HPs)
             Began as a Minotaur Summoner on May 16, 2018.
             Slain by a leopard gecko (3 damage)
             ... on level 4 of the Dungeon.
             The game lasted 00:04:05 (958 turns).

4thArraOfDagon the Skirmisher (Minotaur Summoner)    Turns: 958, Time: 00:04:06

Health: 0/42       AC:  3    Str: 12    XL:     4   Next: 81%
Magic:  5/5        EV: 12    Int: 13    God:
Gold:   89         SH:  0    Dex: 11    Spells: 4/5 levels left

rFire    . . .     SeeInvis .   (no weapon)
rCold    . . .     Gourm    .   (no shield)
rNeg     . . .     Faith    +   a - +1 robe
rPois    .         Spirit   .   (helmet restricted)
rElec    .         Reflect  .   (no cloak)
rCorr    +         Harm     .   (no gloves)
MR       .....                  (no boots)
Stlth    ++........             b - amulet of faith
HPRegen  0.14/turn              d - ring of resist corrosion
MPRegen  0.09/turn              (no ring)

@: no status effects
A: retaliatory headbutt, horns 2
a: no special abilities


You were on level 4 of the Dungeon.
You were not hungry.

You visited 1 branch of the dungeon, and saw 5 of its levels.

You collected 89 gold pieces.

Inventory:

Armour
 a - a +1 robe (worn)
Jewellery
 b - an amulet of faith (around neck)
 d - a ring of resist corrosion (left hand)
Comestibles
 c - 2 rations


   Skills:
 + Level 5.5 Fighting
 - Level 2.1 Dodging
 - Level 1.5 Stealth
 - Level 1.3 Spellcasting
 - Level 2.9 Summonings


You had 4 spell levels left.
You knew the following spells:

 Your Spells              Type           Power        Failure   Level  Hunger
a - Summon Small Mammal   Summ           #...         9%          1    ##.....

Your spell library contained the following spells:

 Spells                   Type           Power        Failure   Level  Hunger
 Summon Ice Beast         Ice/Summ       #.......     82%         4    #####..
 Call Imp                 Summ           #.......     12%         2    ###....
 Call Canine Familiar     Summ           #.......     24%         3    ####...
 Summon Lightning Spire   Summ/Air       #.......     82%         4    #####..
 Summon Guardian Golem    Hex/Summ       #.......     41%         3    ####...


Dungeon Overview and Level Annotations

Branches:
Dungeon (5/15)
 Temple: D:4-7

Altars:

Annotations:
D:3 4thArraOfDagon's ghost, amateur MiSu


Innate Abilities, Weirdness & Mutations

You reflexively headbutt those who attack you in melee.
You have a pair of horns on your head.


Message History

The jackal bites you.
* * * LOW HITPOINT WARNING * * *
Unknown command.
The leopard gecko bites you.
* * * LOW HITPOINT WARNING * * *
You see here a robe.
Unknown command.
The jackal closely misses you. You furiously retaliate!
You headbutt the jackal!
You kill the jackal!
Unknown command.
Found 3 tomahawks.
Unknown command.
Unknown command.
You aren't carrying any potions.
As you read the scroll labeled QUMARE SOGEL, it crumbles to dust.
It is a scroll of amnesia.
Okay, then.
The leopard gecko bites you.
You die...

## .. #. #. # ..
######.###.# .#
#..........# ..#
#@# ...#
.#####l######...##
........l†.........
(........[.....#
#######.##.....#
...##%....#
######.....#
#.....# #####.#


You could see a leopard gecko and a frilled lizard.

Vanquished Creatures
  An orc priest (D:3)
  Terence (D:3)
  An adder (D:2)
  2 dart slugs (D:1)
  4 leopard geckos
  3 orcs (D:3)
  4 giant cockroaches
  4 goblins
  5 hobgoblins
  2 jackals
  7 bats
  4 frilled lizards
  6 kobolds
  4 rats
48 creatures vanquished.

Notes
Turn   | Place    | Note
-------+----------+-------------------------------------------
     0 | D:1      | 4thArraOfDagon the Minotaur Summoner began the quest for the Orb.
     0 | D:1      | Reached XP level 1. HP: 14/14 MP: 1/1
    22 | D:1      | Reached skill level 1 in Fighting
    81 | D:1      | Reached skill level 2 in Fighting
    84 | D:1      | Reached XP level 2. HP: 15/24 MP: 3/3
   358 | D:2      | Reached skill level 3 in Fighting
   444 | D:3      | Reached XP level 3. HP: 24/31 MP: 4/4
   455 | D:3      | Noticed 4thArraOfDagon's ghost (amateur MiSu)
   511 | D:4      | Noticed a scorpion
   527 | D:5      | Entered Level 5 of the Dungeon
   552 | D:4      | Noticed a hippogriff
   618 | D:3      | Noticed Terence
   637 | D:3      | Killed Terence
   637 | D:3      | Reached skill level 4 in Fighting
   643 | D:3      | Reached skill level 5 in Fighting
   643 | D:3      | Reached XP level 4. HP: 28/42 MP: 5/5
   875 | D:2      | Thaneod: trudno zabic summonerow na poczatku
   954 | D:4      | HP: 2/42 [leopard gecko (2)]
   958 | D:4      | Slain by a leopard gecko

Vault maps used:
D:1:      minmay_arrival_shoal_huts
D:2:      first_ration
D:3:      minmay_roachtagon, uniq_ijyb, uniq_grinder, uniq_terence
D:5:      lemuel_coloured_pillars_altar, lemuel_crystal_altar, serial_shops,
          nicolae_shop_stone, fedhas_altar_4, uniq_blork_the_orc

Skill      XL: |  1  2  3 |
---------------+----------+-----
Fighting       | 2 3 5 |  5.5
Dodging        | |  2.1
Stealth        | |  1.5
Spellcasting   | |  1.3
Summonings     | |  2.9

Action                   |  1- 3 |  4- 6 || total
-------------------------+-------+-------++-------
Melee: Unarmed           |   111 |    55 ||   166
       Headbutt          |    11 |     3 ||    14
  Use: Scroll            |     7 |     1 ||     8
       Potion            |     4 |       ||     4
 Stab: Sleeping          |     2 |     2 ||     4
Armor: Robe              |    20 |    13 ||    33
       Skin              |    12 |    22 ||    34
Dodge: Dodged            |   102 |    29 ||   131

Table legend:
 A = Spawn XP
 B = Non-spawn XP
 C = Spawn XP percentage of total XP
 D = Spawn monster count
 E = Non-spawn monster count
 F = Spawn count percentage of total count
 G = Total turns spent on level
                    A         B        C        D         E        F      G
               +---------+---------+-------+---------+---------+-------+---------
         Total |       0 |     178 |   0.0 |       0 |      48 |   0.0 |   958
               +---------+---------+-------+---------+---------+-------+---------
           D:1 |       0 |      25 |   0.0 |       0 |      15 |   0.0 |   299
           D:2 |       0 |      37 |   0.0 |       0 |      13 |   0.0 |   403
           D:3 |       0 |     114 |   0.0 |       0 |      19 |   0.0 |   124
           D:4 |       0 |       2 |   0.0 |       0 |       1 |   0.0 |   130
               +---------+---------+-------+---------+---------+-------+---------
